 Dungeon Crawl Stone Soup version 0.30-a0-52-g86a8295270 (webtiles) character file.

Game seed: 16709280426478547614

9 purpskrrrp the Trooper (level 2, 24/24 HPs)
             Began as a Demonspawn Fighter on Sept 6, 2022.
             Quit the game on level 1 of the Dungeon.
             The game lasted 00:00:29 (400 turns).

purpskrrrp the Trooper (Demonspawn Fighter)          Turns: 400, Time: 00:00:30

Health: 24/24      AC:  6    Str: 16    XL:     2   Next: 3%
Magic:  2/2        EV:  8    Int:  9    God:
Gold:   0          SH:  4    Dex: 12    Spells: 1/1 levels left

rFire   . . .      SeeInvis .    a - +0 war axe
rCold   . . .      Faith    .    c - +0 buckler
rNeg    . . .      Spirit   .    b - +0 scale mail
rPois   .          Reflect  .    (helmet restricted)
rElec   .          Harm     .    (no cloak)
rCorr   .          Rampage  .    (no gloves)
Will    .....                    (no boots)
Stlth   ..........               (no amulet)
HPRegen 0.08/turn                (no ring)
MPRegen 0.08/turn                (no ring)

@: no status effects
A: antennae 1
a: no special abilities


You were on level 1 of the Dungeon.
You visited 1 branch of the dungeon, and saw 1 of its levels.

Inventory:

Hand Weapons
 a - a +0 war axe (weapon)
Armour
 b - a +0 scale mail (worn)
 c - a +0 buckler (worn)
Scrolls
 e - a scroll of teleportation {unknown}
Potions
 d - a potion of might


   Skills:
 + Level 3.1 Fighting
 + Level 2.0 Axes
 + Level 2.8 Armour
 + Level 2.8 Shields


You had one spell level left.
You didn't know any spells.
Your spell library was empty.

Dungeon Overview and Level Annotations

Branches:
Dungeon (1/15)

Altars:


Innate Abilities, Weirdness & Mutations

You have a pair of small antennae on your head.


Message History

The endoplasm is almost dead.
The endoplasm freezes you.
You are frozen.
You barely miss the endoplasm.
The endoplasm is almost dead.
The endoplasm freezes you.
You are frozen.
You hit the endoplasm but do no damage.
The endoplasm is almost dead.
The endoplasm hits you but does no damage.
The endoplasm freezes you.
You are frozen.
You are too injured to fight recklessly!
You are too injured to fight recklessly!
You are too injured to fight recklessly!
You are too injured to fight recklessly!
You are too injured to fight recklessly!
You are too injured to fight recklessly!
You are too injured to fight recklessly!
You are too injured to fight recklessly!
You are too injured to fight recklessly!
You are too injured to fight recklessly!
You are too injured to fight recklessly!
Unknown command.
You hit the endoplasm.
You kill the endoplasm!
Your Axes skill increases to level 2!
Found a spear.
You see here a +0 spear.
There is a shaft here.
A goblin comes into view. It is wielding a +0 dagger.
The goblin shouts!
The goblin hits you but does no damage.
You slash the goblin!
You kill the goblin!
You have reached level 2!
Your demonic ancestry asserts itself...
A pair of antennae grows on your head!
Unknown command.
Are you sure you want to abandon this character and quit the game? (Confirm with "yes".) #.#################### #...)@...........^.... ######################

There were no monsters in sight!

Vanquished Creatures
  A ball python (D:1)
  2 endoplasms (D:1)
  A giant cockroach (D:1)
  2 goblins (D:1)
  A rat (D:1)
7 creatures vanquished.

Notes
Turn   | Place    | Note
-------+----------+-------------------------------------------
     0 | D:1      | purpskrrrp the Demonspawn Fighter began the quest for the
                  | Orb.
     0 | D:1      | Reached XP level 1. HP: 18/18 MP: 1/1
   400 | D:1      | Gained mutation: You have a pair of small antennae on your
                  | head. [demonic ancestry]
   400 | D:1      | Reached XP level 2. HP: 24/24 MP: 2/2
   400 | D:1      | Quit the game

Illustrated notes

Levels and vault maps discovered:
D:1:      eino_arrival_tree_alley, layout_basic, nicolae_ecumenical_lake_church

Skill      XL: |  1 |
---------------+----+-----
Axes           | 2 |  2.0
Fighting       | |  3.1
Armour         | |  2.8
Shields        | |  2.8

Action                   || total
-------------------------++-------
Melee: War axe           ||    21
Armor: Scale mail        ||    12
Dodge: Dodged            ||     6
Block: Buckler           ||     4

Table legend: (Time is in decaauts)
 A = Elapsed time spent in this place.
 B = Non-inter-level travel time spent in this place.
 C = Inter-level travel time spent in this place.
 D = Time resting spent in this place.
 E = Time spent auto-exploring this place.
 F = Levels seen in this place.
 G = Mean time per level.
                   A        B        C        D        E       F      G
               +--------+--------+--------+--------+--------+-----+--------+
         Total |    409 |    409 |      0 |      0 |    349 |   1 |  409.0 |
       Dungeon |    409 |    409 |      0 |      0 |    349 |   1 |  409.0 |
               +--------+--------+--------+--------+--------+-----+--------+

Top non-repeatable levels by time:
     D:1: 409 daAuts
